 Dungeon Crawl Stone Soup version 0.29.1-12-g30fa7ad0bf (webtiles) character file.

Game seed: 4006880278589094194

315 Lutefisk the Trooper (level 6, -13/56 HPs)
             Began as a Ghoul Warper on Dec 21, 2022.
             Was an Initiate of Makhleb.
             Shot with an arrow by a centaur (14 damage)
             ... on level 6 of the Dungeon.
             The game lasted 00:12:02 (2385 turns).

Lutefisk the Trooper (Ghoul Warper)                 Turns: 2385, Time: 00:12:02

Health: -13/56     AC:  6    Str: 15    XL:     6   Next: 44%
Magic:  7/7        EV: 11    Int:  8    God:    Makhleb [......]
Gold:   83         SH:  0    Dex: 10    Spells: 8/8 levels left

rFire   . . .      SeeInvis .     - Unarmed
rCold   + . .      Faith    .   (no shield)
rNeg    + + +      Spirit   .   l - +2 leather armour {Will+}
rPois   ∞          Reflect  .   (no helmet)
rElec   .          Harm     .   (no cloak)
rCorr   .          Rampage  .   (no gloves)
Will    +....                   j - +0 pair of boots
Stlth   +.........              (no amulet)
HPRegen 0.00/turn               (no ring)
MPRegen 0.10/turn               (no ring)

@: inhibited regen
A: claws 1, cold resistance 1, negative energy resistance 3, inhibited
regeneration, torment resistance 2, devour on kill
a: Renounce Religion


You were on level 6 of the Dungeon.
You worshipped Makhleb.
Makhleb was noncommittal.
You visited 1 branch of the dungeon, and saw 6 of its levels.

You collected 83 gold pieces.

Inventory:

Missiles
 c - 3 boomerangs of dispersal
 m - a poisoned dart (quivered)
Armour
 j - a +0 pair of boots (worn)
 l - a +2 leather armour of willpower (worn)
 n - the +1 scale mail of Oxozxu {rCorr}
   (You found it on level 3 of the Dungeon)

   rCorr:     It protects you from acid and corrosion.
Magical Staves
 k - a staff of conjuration
 r - a staff of cold
 u - a staff of poison
Scrolls
 a - 2 scrolls of identify
 d - a scroll of fear
 f - 2 scrolls of noise {unknown}
 i - a scroll of magic mapping {unknown}
Potions
 e - a potion of curing {unknown}
 g - a potion of cancellation {unknown}
 h - a potion of resistance {unknown}
 o - a potion of heal wounds {unknown}
 p - a potion of attraction {unknown}
 q - 2 potions of flight {unknown}
 s - a potion of might {unknown}
 t - a potion of haste {unknown}


   Skills:
 - Level 5.0 Fighting
 - Level 1.0 Throwing
 - Level 1.0 Armour
 - Level 2.0 Dodging
 - Level 2.0 Stealth
 - Level 5.0 Unarmed Combat
 - Level 1.7 Spellcasting
 - Level 2.6 Translocations
 * Level 0.2 Invocations
 * Level 0.1 Evocations


You had 8 spell levels left.
You didn't know any spells.
Your spell library contained the following spells:

 Spells                   Type           Power      Damage    Failure   Level
 Blink                    Tloc           10%        N/A       22%         2
 Necrotise                Necr           0%         1d4       41%         1
 Sandblast                Erth           0%         2d4       41%         1
 Gell's Gravitas          Tloc           5%         N/A       41%         3
 Lesser Beckoning         Tloc           5%         N/A       41%         3
 Teleport Other           Tloc           5%         N/A       41%         3
 Passwall                 Tmut/Erth      0%         N/A       56%         2
 Portal Projectile        Hex/Tloc       4%         N/A       61%         3
 Ozocubu's Armour         Ice            0%         N/A       80%         3
 Stone Arrow              Conj/Erth      0%         3d7       80%         3
 Tukima's Dance           Hex            0%         N/A       80%         3
 Anguish                  Hex/Necr       0%         N/A       99%         4
 Manifold Assault         Tloc           5%         N/A       99%         5
 Metabolic Englaciation   Hex/Ice        0%         N/A       100%        5
 Simulacrum               Ice/Necr       0%         N/A       100%        6
 Enfeeble                 Hex            0%         N/A       100%        7
 Blade Hands              Tmut           Unusable   N/A       N/A         5

Dungeon Overview and Level Annotations

Branches:
Dungeon (6/15)             Temple (0/1) D:4

Altars:
Fedhas
Kikubaaqudgha
Makhleb
Nemelex Xobeh
Sif Muna
Uskayaw
Vehumet
Xom

Shops:
D:2 [

Annotations:
D:6 Sigmund


Innate Abilities, Weirdness & Mutations

You are immune to poison.
You have sharp fingernails.
Your flesh is cold resistant. (rC+)
You are immune to negative energy. (rN+++)
You do not regenerate when monsters are visible.
You are immune to unholy pain and torment.
You thrive by killing the living.


Message History

Unknown command.
Blink to where?
Press: ? - help, Dir - move target, p - black bear
As you read the scroll of blinking, it crumbles to dust.
You climb downwards.
The orc shouts! x3
Found a stone staircase leading down.
There is a stone staircase leading up here.
Attack: -) Claws
Press: ? - help, Dir - move target, f - you
Okay, then.
A sky beast comes into view.
The sky beast flickers out of sight!
Deactivating autopickup; reactivate with Ctrl-A.
Unknown command.
As you read the scroll labelled RODURCH BUDEA, it crumbles to dust.
It is a scroll of identify.
d - 3 scrolls of fear Something hits you.
* * * LOW HITPOINT WARNING * * *
Something shocks you.
* * * LOW HITPOINT WARNING * * *
As you read the scroll of fear, it crumbles to dust.
You assume a fearsome visage.
The orc looks frightened!
A sky beast appears from thin air!
Reactivating autopickup.
Sigmund the Dreaded comes into view.
He is wielding a +0 scythe, wearing a +2 robe of willpower and carrying a wand of digging (2).
Sigmund shouts!
The sky beast flickers out of sight!
Deactivating autopickup; reactivate with Ctrl-A.
Sigmund moves out of view.
As you read the scroll of fear, it crumbles to dust.
You assume a fearsome visage.
Sigmund looks frightened!
Sigmund gestures wildly while chanting.
Sigmund flickers and vanishes!
A centaur comes into view.
The centaur shouts!
The centaur wields a +0 shortbow.
The centaur shoots an arrow.
The arrow hits you!
You die...

#.#o...#
#..<...#
#####o####.#
#.....o....#
#o###.#+####
#.# ###.#
#.# #..####
#.###{.....c
#...@..♣
#.###.......
#.# #..####
#.# #.# #+#
+#


You could see a centaur.

Vanquished Creatures
  An ogre (D:5)
  A phantom (D:5)
  2 iguanas (D:4)
  4 adders
  A dart slug (D:4)
  5 orcs
  6 ball pythons
  6 endoplasms
  4 giant cockroaches
  4 hobgoblins
  6 quokkas
  3 bats
  2 frilled lizards
  7 goblins
  6 kobolds
  4 rats
62 creatures vanquished.

Notes
Turn   | Place    | Note
-------+----------+-------------------------------------------
     0 | D:1      | Lutefisk the Ghoul Warper began the quest for the Orb.
     0 | D:1      | Reached XP level 1. HP: 17/17 MP: 2/2
   297 | D:2      | Reached XP level 2. HP: 14/25 MP: 3/3
   446 | D:2      | Found a faded altar of an unknown god.
   567 | D:2      | Reached XP level 3. HP: 23/31 MP: 4/4
   618 | D:2      | Found Tudgh's Armour Emporium.
   778 | D:3      | Found a blossoming altar of Fedhas.
   779 | D:3      | Found a shimmering altar of Xom.
   779 | D:3      | Found a burning altar of Makhleb.
   791 | D:3      | Became a worshipper of Makhleb the Destroyer
  1140 | D:3      | Noticed an ogre
  1181 | D:2      | Reached XP level 4. HP: 31/39 MP: 5/5
  1253 | D:3      | Found a sparkling altar of Nemelex Xobeh.
  1367 | D:4      | Found a staircase to the Ecumenical Temple.
  1670 | D:3      | Identified the +1 scale mail of Oxozxu {rCorr}
  1747 | D:4      | Reached skill level 1 in Throwing
  1828 | D:4      | Reached XP level 5. HP: 24/47 MP: 6/6
  1994 | D:4      | Found an ancient bone altar of Kikubaaqudgha.
  1995 | D:4      | Found a shimmering blue altar of Sif Muna.
  1998 | D:4      | Found a radiant altar of Vehumet.
  2001 | D:4      | Got Kikubaaqudgha's Atlas of Iniquitous Rituals
  2058 | D:5      | Entered Level 5 of the Dungeon
  2088 | D:4      | Found a hide-covered altar of Uskayaw.
  2122 | D:4      | Identified the +2 robe of Gefeweal {Int+4}
  2199 | D:5      | Noticed a phantom
  2219 | D:5      | Killed a phantom
  2269 | D:5      | Reached XP level 6. HP: 38/55 MP: 7/7
  2324 | D:5      | Reached skill level 5 in Fighting
  2324 | D:5      | Reached skill level 1 in Armour
  2324 | D:5      | Reached skill level 5 in Unarmed Combat
  2352 | D:5      | Noticed a black bear
  2375 | D:6      | Noticed a sky beast
  2376 | D:6      | HP: 1/56 [something (6)]
  2382 | D:6      | Noticed Sigmund
  2385 | D:6      | Shot with an arrow by a centaur

Illustrated notes

Levels and vault maps discovered:
D:1:      ebering_trefoil_3fold, layout_rooms, serial_aquarium,
          aquarium_bridge_square [aquarium_subvault_bridge,
          aquarium_subvault_balcony, aquarium_subvault_bridge,
          aquarium_subvault_wall], aquarium_bridge_square
          [aquarium_subvault_balcony, aquarium_subvault_bridge,
          aquarium_subvault_window, aquarium_subvault_bridge],
          aquarium_window_corridor_3, aquarium_window_fake, aquarium_window_1,
          aquarium_view_2a, aquarium_view_2a, aquarium_balcony_5b,
          aquarium_pool_split, wad_floor_pattern_untrapped
D:2:      layout_loops_ring, hellmonk_ecumenical_altar_slurped_away,
          serial_shops, nicolae_shop_waterfront, grunt_ministairs_9
D:3:      layout_basic, nemelex_altar_shiori,
          chequers_temple_overflow_statue_of_worship
D:4:      layout_loops_ring, grunt_temple_overflow_magic_moments,
          nicolae_uskayaw_murder_on_the_dancefloor,
          nicolae_wu_jian_immortal_techniques, minmay_temple_entry_ruins
D:5:      layout_loops_ring, mainiacjoe_overflow_alcove_4, tgw_trog
D:6:      cheibrodos_thug_alley, layout_basic, ashenzari_conservatory_becter,
          ebering_ghost_reflecting_pool, grunt_ministairs_15, uniq_eustachio,
          uniq_sigmund, uniq_menkaure

Skill      XL: |  1  2  3  4  5  6 |
---------------+-------------------+-----
Fighting       | 3 4 5 |  5.0
Unarmed Combat | 3 4 5 |  5.0
Throwing       | 1 |  1.0
Armour         | 1 |  1.0
Dodging        | 2 |  2.0
Stealth        | 2 |  2.0
Spellcasting   | |  1.7
Translocations | |  2.6
Invocations    | |  0.2
Evocations     | |  0.1

Action                   |  1- 3 |  4- 6 || total
-------------------------+-------+-------++-------
Melee: Unarmed           |   120 |   110 ||   230
       Punch             |     2 |     2 ||     4
Throw: Boomerang         |       |     4 ||     4
       Dart              |       |     7 ||     7
  Use: Scroll            |       |     4 ||     4
Armor: Leather armour    |     3 |    20 ||    23
       Ring mail         |    28 |    12 ||    40
Dodge: Dodged            |    60 |    68 ||   128
